 Dungeon Crawl Stone Soup version 0.31.0 (webtiles) character file.

Game seed: 18325835254454592125

81557 qw the Marksgargoyle (level 15, -20/100 HPs)
             Began as a Gargoyle Hunter on Jan 20, 2024.
             Was a High Priest of Okawaru.
             Demolished by Agnes
             ... wielding a +4 spectral lajatang
              (23 damage)
             ... on level 14 of the Dungeon.
             The game lasted 00:02:40 (16659 turns).

qw the Marksgargoyle (Gargoyle Hunter)             Turns: 16659, Time: 00:02:41

Health: -20/100    AC: 25    Str: 15    XL:     15   Next: 70%
Magic:  17/22      EV: 22    Int: 15    God:    Okawaru [*****.]
Gold:   1431       SH:  0    Dex: 25    Spells: 14/14 levels left

rFire   . . .        z - +3 triple crossbow (heavy)
rCold   + + .        (shield currently unavailable)
rNeg    + . .        d - +1 ring mail "Soeholoa" {rElec Regen+ Int+4}
rPois   inf          x - +2 hat {SInv}
rElec   +            u - scarf {repulsion}
rCorr   .            i - +2 pair of gloves
SInv    +            o - +0 pair of boots
Will    +....        l - amulet of regeneration
Stlth   ++           y - +6 ring of dexterity
HPRegen 1.96/turn    w - +5 ring of evasion
MPRegen 0.18/turn

%: repel missiles
@: about to teleport, finesse-ful, flying, slowed, very slow
A: sickness immunity, AC +11, big wings, negative energy resistance 1,
electricity resistance, torment resistance 1, petrification resistance, cold
resistance 2, MP-powered wands
a: Renounce Religion, Heroism, Finesse, Duel


You were on level 14 of the Dungeon.
You worshipped Okawaru.
Okawaru was extremely pleased with you.
You visited 3 branches of the dungeon, and saw 20 of its levels.

You collected 2271 gold pieces.
You spent 840 gold pieces at shops.


Innate Abilities, Weirdness & Mutations

You are immune to sickness and miasma.
Your stone body is resilient. (AC +11)
You are immune to poison.
Your large and strong wings let you fly.
You resist negative energy. (rN+)
You are resistant to electric shocks. (rElec)
You are resistant to unholy torment.
You are immune to petrification.
Your flesh is very cold resistant. (rC++)
You expend magic power (3 MP) to strengthen your wands.


   Skills:
 - Level 14.0 Fighting
 - Level 20.0 Ranged Weapons
 - Level 7.1 Armour
 + Level 8.0 Dodging
 - Level 1.1 Stealth
 - Level 10.0 Invocations


You had 14 spell levels left.
You didn't know any spells.
Your spell library was empty.

Inventory:

Hand Weapons
 z - a +3 heavy triple crossbow (weapon)
Armour
 d - the +1 ring mail "Soeholoa" (worn) {rElec Regen+ Int+4}
   (You took it off a gnoll on level 7 of the Dungeon)

   Int+4:     It affects your intelligence (+4).
   rElec:     It insulates you from electricity.
   Regen+:    It increases your rate of health regeneration.
 i - a +2 pair of gloves (worn)
 n - a scarf of resistance
 o - a +0 pair of boots (worn)
 r - a +0 cloak
 u - a scarf of repulsion (worn)
 x - a +2 hat of see invisible (worn)
Jewellery
 j - a ring of protection from fire
 l - an amulet of regeneration (around neck)
 w - a +5 ring of evasion (right hand)
 y - a +6 ring of dexterity (left hand)
Wands
 c - a wand of polymorph (14)
 h - a wand of paralysis (12)
 s - a wand of quicksilver (5)
 t - a wand of iceblast (12)
 v - a wand of mindburst (4)
 A - a wand of digging (5)
Scrolls
 g - 8 scrolls of teleportation
 k - 3 scrolls of identify
 B - a scroll of brand weapon
Potions
 a - a potion of heal wounds
 b - 6 potions of mutation
 e - 8 potions of curing
 f - 3 potions of enlightenment
 m - a potion of cancellation
 p - 3 potions of might
 q - 2 potions of haste

Dungeon Overview and Level Annotations

Branches:
Dungeon (14/15)            Temple (1/1) D:7            Lair (5/5) D:11
  Swamp (0/4) Lair:3       Spider (0/4) Lair:3        Slime (0/5) Lair:4
    Orc (0/2) D:11         Vaults (0/5) D:13

Altars:
Ashenzari
Cheibriados
Dithmenos
Elyvilon
Fedhas
Gozag
Hepliaklqana
Kikubaaqudgha
Makhleb
Nemelex Xobeh
Okawaru
Qazlal
Ru
Sif Muna
Trog
Uskayaw
Vehumet
Wu Jian
Xom
Yredelemnul
Zin
The Shining One
Jiyva
Lugonu

Shops:
D:4 ?[[*   D:12 *

Portals:
Abyss: Lair:5

Annotations:
D:4 1 runed translucent door, Crazy Yiuf
D:12 3 runed translucent doors, Cooqonn's ghost, journeyman DsAl
D:14 Agnes


Message History

You shoot a bolt. The bolt barely misses the wraith.
The wraith completely misses you.
The wraith hits you but does no damage. x2
The wraith completely misses you.
You shoot a bolt. The bolt closely misses the wraith.
The bolt misses Agnes.
The wraith hits you but does no damage. The wraith misses you.
You shoot a bolt. The bolt hits the wraith!!
You destroy the wraith!
Okawaru accepts your kill.
Agnes says, "It is my duty to kill you, but also my pleasure."
Agnes says, "I despise a dishonourable opponent."
Agnes hits you with a +4 spectral lajatang!
The wraith hits you but does no damage. The wraith closely misses you.
Agnes hits you with a +4 spectral lajatang!
Your Fighting skill increases to level 14!
You shoot a bolt. The bolt completely misses Agnes.
The bolt hits the wraith!!!!
You destroy the wraith!
Okawaru accepts your kill.
Agnes hits you with a +4 spectral lajatang!!
Agnes completely misses you. The wraith barely misses you.
Agnes hits you but does no damage.
You shoot a bolt. The bolt misses Agnes.
Agnes barely misses you. The wraith completely misses you.
Agnes hits you but does no damage. The wraith misses you.
Agnes hits you with a +4 spectral lajatang.
You shoot a bolt. The bolt completely misses Agnes.
Agnes hits you with a +4 spectral lajatang!
The wraith misses you.
Agnes hits you with a +4 spectral lajatang!
You shoot a bolt. The bolt hits Agnes!!!!
Agnes is almost dead.
Agnes hits you with a +4 spectral lajatang!!
Agnes misses you. The wraith misses you. The wraith closely misses you.
Agnes misses you.
16659 ||| READING 9 scrolls of teleportation.
As you read the scroll of teleportation, it crumbles to dust.
You feel strangely unstable.
Agnes hits you with a +4 spectral lajatang!
Agnes hits you with a +4 spectral lajatang!!
You die...
Agnes says, "May you follow the Path of Peace in your next life."

#.. #?.####### #########
#..%..... .........
#.......###+### #......
##.......#...... #......
.........'...... #......
.........#...W.> #...(##
........W###########....#
###.....i@..............#
#...####........#######
#... #........# +...
########## #.. #..


You could see Agnes and a wraith.

Vanquished Creatures
  Jorgrun (D:12)
  An eleionoma (Lair:3)
  Snorg (D:12)
  Josephine (D:14)
  A yaktaur captain (D:13)
  4 hydras
  5 boulder beetles
  4 centaur warriors
  5 two-headed ogres
  2 thrashing horrors (Lair:5)
  A deep elf knight (D:13)
  A skyshark (Lair:3)
  An arcanist (D:10)
  5 deep elf pyromancers
  3 lindwurms
  An oklob plant (Lair:5)
  3 manticores
  2 cyclopes
  A large abomination (Lair:5)
  6 ugly things
  6 meliai
  20 elephants
  3 black mambas
  A meliai (shapeshifter) (Lair:5)
  2 smoke demons (Lair:5)
  A torpor snail (Lair:5)
  13 cane toads
  2 yaktaurs (D:13)
  A kobold demonologist (D:10)
  6 komodo dragons
  3 rime drakes
  A queen bee (Lair:4)
  5 trolls
  A polar bear (Lair:4)
  Grinder (D:5)
  A raiju (shapeshifter) (Lair:5)
  32 dream sheep
  2 raiju (Lair:5)
  41 blink frogs
  2 slime creatures (D:12)
  A shadow (D:10)
  A spriggan (Lair:5)
  2 vampires
  6 wraiths
  3 wyverns
  59 yaks
  6 basilisks
  A steam dragon (D:10)
  A basilisk (shapeshifter) (Lair:5)
  2 vampire mosquitoes (D:12)
  3 redbacks
  A chaos spawn (Lair:5)
  3 acid dragons
  15 water moccasins
  4 orc warriors
  4 black bears
  An ice beast (D:6)
  2 centaurs
  A phantom (D:6)
  7 wolves
  4 ogres
  3 kobold brigands
  A gnoll sergeant (D:10)
  11 bullfrogs
  9 small abominations (Lair:5)
  3 scorpions
  15 wights
  7 jellies
  36 killer bees
  12 howler monkeys
  3 bombardier beetles
  2 gnoll boudas
  2 hounds
  4 orc priests (D:11)
  3 iguanas
  A sleepcap (D:5)
  13 orc wizards
  A statue (D:6)
  Robin (D:4)
  4 adders
  15 gnolls
  2 shadow imps
  A white imp (D:5)
  6 ufetubi
  A ribbon worm (D:3)
  17 orcs
  3 bats
  10 endoplasms
  3 giant cockroaches
  17 goblins
  18 hobgoblins
  5 jackals (D:1)
  14 kobolds
  5 quokkas
  5 ball pythons
  3 frilled lizards
  A rat (D:1)
577 creatures vanquished.

Notes
Turn   | Place    | Note
-------+----------+-------------------------------------------
     0 | D:1      | qw the Gargoyle Hunter began the quest for the Orb.
     0 | D:1      | Reached XP level 1. HP: 12/12 MP: 1/1
     0 | D:1      | 0 ||| qw: Version: 0.3-a-132-g3d54051
     0 | D:1      | 0 ||| qw: Game counter: 430
     0 | D:1      | 0 ||| qw: Melee chars always use a shield: true
     0 | D:1      | 0 ||| qw: God list: Okawaru
     0 | D:1      | 0 ||| qw: Allow faded altars: false
     0 | D:1      | 0 ||| qw: Do Orc after clearing Dungeon:15 true
     0 | D:1      | 0 ||| qw: Do second Lair branch before Depths: true
     0 | D:1      | 0 ||| qw: Lair rune preference: random
     0 | D:1      | 0 ||| qw: Goals: Normal
     0 | D:1      | 0 ||| PLANNING D:1-11
   127 | D:1      | Reached XP level 2. HP: 17/17 MP: 2/2
   370 | D:1      | Reached XP level 3. HP: 21/21 MP: 3/3
   481 | D:1      | Reached skill level 5 in Ranged Weapons
   588 | D:1      | 588 ||| READING scroll labelled XAYTRI EGYTSA.
   588 | D:1      | 588 ||| ENCHANTING +0 shortbow.
   589 | D:1      | 589 ||| DROPPING scroll of butterflies.
   593 | D:2      | 593 ||| STAIRDANCE
   608 | D:2      | 608 ||| STAIRDANCE
   705 | D:2      | You fall into a shaft and drop 1 floor!
   760 | D:3      | 760 ||| FLEEEEING.
   767 | D:3      | 767 ||| STAIRDANCE
  1093 | D:2      | Reached skill level 3 in Fighting
  1160 | D:2      | 1160 ||| UPGRADING to amulet of regeneration.
  1165 | D:2      | 1165 ||| READING scroll labelled AXKAICW BYATZA.
  1166 | D:2      | 1166 ||| READING scroll labelled LOXAQY ARIXI.
  1166 | D:2      | 1166 ||| IDENTIFYING purple potion
  1167 | D:2      | 1167 ||| READING scroll labelled RUZOVO TOUNEUN.
  1168 | D:2      | 1168 ||| READING scroll labelled JASUFU ZITTOSK.
  1169 | D:2      | 1169 ||| READING scroll labelled MOREME WAOCIAT.
  1237 | D:3      | Reached XP level 4. HP: 28/28 MP: 4/4
  1821 | D:3      | 1821 ||| UPGRADING to +0 pair of gloves.
  1826 | D:3      | 1826 ||| READING 3 scrolls labelled WUAXKA FIB ERHI.
  1830 | D:3      | 1830 ||| READING scroll labelled AKIAFOFUEL.
  1830 | D:3      | 1830 ||| ENCHANTING +0 shortbow.
  1831 | D:3      | 1831 ||| DRINKING 3 viscous coppery potions.
  1943 | D:4      | Found Macegir's Assorted Antiques.
  1948 | D:4      | 1948 ||| BUYING fizzy clear potion (18 gold).
  1948 | D:4      | Bought a fizzy clear potion for 18 gold pieces
  1948 | D:4      | 1948 ||| BUYING metallic amethyst potion (18 gold).
  1948 | D:4      | Bought a metallic amethyst potion for 18 gold pieces
  1948 | D:4      | 1948 ||| BUYING pair of boots (90 gold).
  1948 | D:4      | Bought a pair of boots for 90 gold pieces
  1948 | D:4      | 1948 ||| SHOPLISTING potion of curing (60 gold, have 8).
  1948 | D:4      | 1948 ||| SHOPLISTING scroll labelled URALIMUHOE (20 gold,
                  | have 8).
  2077 | D:4      | Reached skill level 6 in Ranged Weapons
  2077 | D:4      | Reached XP level 5. HP: 32/32 MP: 5/5
  2084 | D:4      | Noticed Robin
  2091 | D:4      | Killed Robin
  2092 | D:4      | Reached skill level 1 in Armour
  2239 | D:4      | Found a runed translucent door.
  2240 | D:4      | Noticed Crazy Yiuf
  2289 | D:4      | HP: 6/32 [burnt (4)]
  2290 | D:4      | 2290 ||| FLEEEEING.
  2355 | D:4      | Found Fuel Ylu's Magic Scroll Emporium.
  2359 | D:4      | 2359 ||| SHOPLISTING scroll of enchant armour (105 gold,
                  | have 24).
  2359 | D:4      | 2359 ||| SHOPLISTING scroll of identify (28 gold, have 24).
  2557 | D:4      | Found Fomecopn's Antique Armour Emporium.
  2563 | D:4      | 2563 ||| SHOPLISTING embroidered robe (118 gold, have 24).
  2563 | D:4      | 2563 ||| SHOPLISTING ring mail (128 gold, have 24).
  2563 | D:4      | 2563 ||| SHOPLISTING runed hat (224 gold, have 24).
  2624 | D:4      | Noticed a centaur
  2625 | D:4      | 2625 ||| ZAPPING wand of paralysis (9) at -2,1 (centaur;
                  | floor).
  2626 | D:4      | 2626 ||| ZAPPING wand of paralysis (8) at -2,1 (centaur;
                  | floor).
  2627 | D:4      | 2627 ||| ZAPPING wand of paralysis (7) at -1,1 (centaur;
                  | floor).
  2628 | D:4      | 2628 ||| ZAPPING wand of paralysis (6) at -1,1 (centaur;
                  | floor).
  2629 | D:4      | 2629 ||| ZAPPING wand of paralysis (5) at -1,1 (centaur;
                  | floor).
  2634 | D:4      | Killed a centaur
  2635 | D:4      | Reached XP level 6. HP: 30/39 MP: 6/6
  2638 | D:4      | 2638 ||| FLEEEEING.
  2702 | D:4      | Found a shimmering blue altar of Sif Muna.
  2940 | D:4      | Found Dyadim's Armour Emporium.
  2946 | D:4      | 2946 ||| BUYING +0 ring mail (48 gold).
  2946 | D:4      | Bought a +0 ring mail for 48 gold pieces
  2946 | D:4      | 2946 ||| SHOPLISTING +2 pair of gloves (198 gold, have 5).
  3054 | D:4      | 3054 ||| UPGRADING to +0 pair of boots.
  3059 | D:4      | 3059 ||| UPGRADING to +0 helmet.
  3064 | D:4      | 3064 ||| UPGRADING to +0 cloak.
  3069 | D:4      | 3069 ||| UPGRADING to +0 ring mail.
  3079 | D:4      | 3079 ||| DROPPING +0 leather armour.
  3080 | D:4      | 3080 ||| READING scroll labelled ZEMELL COB RUPEOPS.
  3081 | D:4      | 3081 ||| DRINKING 3 glowing green potions.
  3120 | D:5      | Entered Level 5 of the Dungeon
  3202 | D:5      | Noticed Grinder
  3203 | D:5      | 3203 ||| ZAPPING wand of paralysis (4) at -6,4 (Grinder;
                  | floor).
  3217 | D:5      | Killed Grinder
  3218 | D:5      | Reached XP level 7. HP: 44/44 MP: 7/7
  3311 | D:5      | 3311 ||| RETREEEEATING.
  3321 | D:5      | 3321 ||| RETREEEEATING.
  3322 | D:5      | 3322 ||| RETREEEEATING.
  3323 | D:5      | 3323 ||| RETREEEEATING.
  3335 | D:5      | HP: 4/44 [ogre/+0 giant club (16)]
  3336 | D:5      | 3336 ||| READING 3 scrolls of teleportation.
  3337 | D:5      | 3337 ||| DRINKING potion of heal wounds.
  3434 | D:5      | Reached skill level 7 in Ranged Weapons
  3504 | D:5      | 3504 ||| ZAPPING wand of flame (23) at -1,1 (black bear;
                  | floor).
  3593 | D:5      | 3593 ||| ZAPPING wand of flame (22) at 0,-1 (black bear;
                  | floor).
  3594 | D:5      | 3594 ||| ZAPPING wand of flame (21) at 0,-1 (black bear;
                  | floor).
  3595 | D:5      | 3595 ||| ZAPPING wand of flame (20) at 0,-1 (black bear;
                  | floor).
  3596 | D:5      | 3596 ||| ZAPPING wand of flame (19) at 0,-1 (black bear;
                  | floor).
  3597 | D:5      | 3597 ||| ZAPPING wand of flame (18) at 0,-1 (black bear;
                  | floor).
  3598 | D:5      | Reached XP level 8. HP: 34/48 MP: 8/8
  3598 | D:5      | 3598 ||| FLEEEEING.
  3599 | D:5      | 3599 ||| FLEEEEING.
  3602 | D:5      | 3602 ||| FLEEEEING.
  3603 | D:5      | 3603 ||| FLEEEEING.
  3604 | D:5      | 3604 ||| FLEEEEING.
  3605 | D:5      | 3605 ||| FLEEEEING.
  3606 | D:5      | 3606 ||| FLEEEEING.
  3608 | D:5      | 3608 ||| FLEEEEING.
  3614 | D:5      | 3614 ||| FLEEEEING.
  3619 | D:5      | Reached skill level 8 in Ranged Weapons
  3774 | D:5      | Identified the +10 war axe "Aqoczail" {heavy, Int+4}
  3856 | D:5      | 3856 ||| RETREEEEATING.
  3887 | D:5      | 3887 ||| FLEEEEING.
  4146 | D:5      | 4146 ||| UPGRADING to +5 ring of evasion.
  4147 | D:5      | 4147 ||| UPGRADING to ring of resist corrosion.
  4148 | D:5      | 4148 ||| UPGRADING to +6 ring of dexterity.
  4150 | D:5      | 4150 ||| UPGRADING to +5 ring of evasion.
  4152 | D:5      | 4152 ||| DROPPING ring of resist corrosion.
  4153 | D:5      | 4153 ||| READING scroll labelled OGGUID CEGHU.
  4154 | D:5      | 4154 ||| FLEEEEING.
  4162 | D:5      | 4162 ||| READING scroll labelled BUHI VUCON.
  4163 | D:5      | 4163 ||| DRINKING 2 pink potions.
  4163 | D:5      | Gained mutation: Your flesh is cold resistant. (rC+)
                  | [potion of mutation]
  4163 | D:5      | Gained mutation: You expend magic power (3 MP) to
                  | strengthen your wands. [potion of mutation]
  4163 | D:5      | Gained mutation: Your flesh is very cold resistant. (rC++)
                  | [potion of mutation]
  4164 | D:5      | 4164 ||| DRINKING 3 clear potions.
  4165 | D:5      | 4165 ||| DRINKING 2 metallic amethyst potions.
  4166 | D:5      | 4166 ||| DRINKING 2 sedimented brown potions.
  4167 | D:5      | 4167 ||| DROPPING 2 potions of brilliance.
  4168 | D:5      | 4168 ||| DROPPING potion of attraction.
  4169 | D:5      | 4169 ||| DROPPING potion of degeneration.
  4287 | D:6      | Reached skill level 9 in Ranged Weapons
  4389 | D:6      | 4389 ||| FLEEEEING.
  4393 | D:6      | 4393 ||| STAIRDANCE
  4459 | D:6      | Reached skill level 6 in Fighting
  4465 | D:6      | 4465 ||| FLEEEEING.
  4530 | D:6      | Identified the +5 war axe of Niemahuo {protect, rCorr Str-2
                  | Int+6 Stlth+}
  4906 | D:6      | Reached XP level 9. HP: 55/55 MP: 9/9
  4934 | D:6      | Found a radiant altar of Vehumet.
  5017 | D:6      | Found a sparkling altar of Nemelex Xobeh.
  5066 | D:6      | Reached skill level 3 in Dodging
  5183 | D:6      | 5183 ||| READING scroll labelled PEEV USEIFU.
  5184 | D:6      | 5184 ||| DROPPING wand of flame (17).
  5195 | D:7      | 5195 ||| STAIRDANCE
  5204 | D:7      | 5204 ||| STAIRDANCE
  5256 | D:7      | Reached skill level 10 in Ranged Weapons
  5260 | D:7      | 5260 ||| FLEEEEING.
  5270 | D:7      | Identified the +1 ring mail "Soeholoa" {rElec Regen+ Int+4}
  5318 | D:7      | Found a staircase to the Ecumenical Temple.
  5319 | D:7      | 5319 ||| PLANNING TEMPLE
  5319 | D:7      | 5319 ||| UPGRADING to +1 ring mail "Soeholoa" {rElec Regen+
                  | Int+4}.
  5329 | D:7      | 5329 ||| DROPPING +0 ring mail.
  5337 | Temple   | Entered the Ecumenical Temple
  5338 | Temple   | 5338 ||| PLANNING OKAWARU WORSHIP
  5347 | Temple   | Became a worshipper of Warmaster Okawaru
  5348 | Temple   | 5348 ||| PLANNING D:1-11
  5378 | D:7      | Found a broken altar of Ashenzari.
  5643 | D:7      | 5643 ||| RETREEEEATING.
  5665 | D:7      | Found a sacrificial altar of Ru.
  5675 | D:7      | Reached * piety under Okawaru
  5708 | D:7      | Reached skill level 1 in Invocations
  5855 | D:7      | 5855 ||| FLEEEEING.
  6077 | D:7      | 6077 ||| UPGRADING to scarf of repulsion.
  6087 | D:7      | 6087 ||| DROPPING ring of protection from cold.
  6088 | D:7      | 6088 ||| DROPPING ring of willpower.
  6089 | D:7      | 6089 ||| READING 2 scrolls of identify.
  6089 | D:7      | 6089 ||| IDENTIFYING fuming emerald potion
  6090 | D:7      | 6090 ||| READING scroll of identify.
  6090 | D:7      | 6090 ||| IDENTIFYING fizzy clear potion
  6091 | D:7      | 6091 ||| DROPPING potion of ambrosia.
  6092 | D:7      | 6092 ||| DROPPING potion of berserk rage.
  6150 | D:8      | Found a hide-covered altar of Uskayaw.
  6178 | D:8      | 6178 ||| RETREEEEATING.
  6179 | D:8      | 6179 ||| RETREEEEATING.
  6535 | D:8      | Reached skill level 3 in Invocations
  6538 | D:8      | Reached skill level 11 in Ranged Weapons
  6605 | D:8      | Reached XP level 10. HP: 63/63 MP: 12/12
  6640 | D:8      | Found an opulent altar of Gozag.
  6669 | D:8      | 6669 ||| FLEEEEING.
  6869 | D:8      | 6869 ||| READING scroll of identify.
  6869 | D:8      | 6869 ||| IDENTIFYING brown potion
  6870 | D:8      | 6870 ||| DROPPING potion of lignification.
  6882 | D:9      | 6882 ||| RETREEEEATING.
  6883 | D:9      | 6883 ||| RETREEEEATING.
  6884 | D:9      | 6884 ||| RETREEEEATING.
  6885 | D:9      | 6885 ||| RETREEEEATING.
  6886 | D:9      | 6886 ||| INVOKING Heroism.
  6965 | D:9      | 6965 ||| RETREEEEATING.
  7016 | D:9      | Reached ** piety under Okawaru
  7048 | D:9      | 7048 ||| SWAPPING to +0 longbow.
  7049 | D:9      | 7049 ||| DROPPING +1 shortbow.
  7051 | D:9      | Noticed a two-headed ogre
  7052 | D:9      | 7052 ||| INVOKING Heroism.
  7058 | D:9      | Killed a two-headed ogre
  7059 | D:9      | Reached skill level 12 in Ranged Weapons
  7219 | D:9      | 7219 ||| INVOKING Heroism.
  7249 | D:9      | Reached *** piety under Okawaru
  7264 | D:9      | Reached skill level 13 in Ranged Weapons
  7268 | D:9      | 7268 ||| FLEEEEING.
  7698 | D:9      | 7698 ||| FLEEEEING.
  7699 | D:9      | 7699 ||| FLEEEEING.
  7700 | D:9      | 7700 ||| FLEEEEING.
  7701 | D:9      | 7701 ||| FLEEEEING.
  7702 | D:9      | 7702 ||| FLEEEEING.
  7703 | D:9      | 7703 ||| FLEEEEING.
  7704 | D:9      | 7704 ||| FLEEEEING.
  7708 | D:9      | 7708 ||| FLEEEEING.
  7709 | D:9      | 7709 ||| FLEEEEING.
  7710 | D:9      | 7710 ||| STAIRDANCE
  7722 | D:8      | 7722 ||| FLEEEEING.
  7725 | D:8      | 7725 ||| READING 2 scrolls of identify.
  7725 | D:8      | 7725 ||| IDENTIFYING 2 silvery potions
  7865 | D:10     | Entered Level 10 of the Dungeon
  7889 | D:10     | Found an ornate altar of the Wu Jian Council.
  7956 | D:10     | Noticed a kobold demonologist
  7957 | D:10     | 7957 ||| RETREEEEATING.
  7964 | D:10     | 7964 ||| INVOKING Heroism.
  7967 | D:10     | Reached XP level 11. HP: 69/69 MP: 11/14
  7975 | D:10     | Reached skill level 9 in Fighting
  8111 | D:10     | 8111 ||| RETREEEEATING.
  8112 | D:10     | 8112 ||| RETREEEEATING.
  8113 | D:10     | 8113 ||| RETREEEEATING.
  8114 | D:10     | 8114 ||| RETREEEEATING.
  8115 | D:10     | 8115 ||| RETREEEEATING.
  8117 | D:10     | 8117 ||| RETREEEEATING.
  8119 | D:10     | 8119 ||| RETREEEEATING.
  8150 | D:10     | Reached **** piety under Okawaru
  8263 | D:10     | 8263 ||| INVOKING Finesse.
  8374 | D:10     | Found a white marble altar of Elyvilon.
  8482 | D:10     | Noticed an arcanist
  8483 | D:10     | 8483 ||| INVOKING Finesse.
  8489 | D:10     | Killed an arcanist
  8527 | D:10     | 8527 ||| READING scroll of enchant armour.
  8527 | D:10     | 8527 ||| ENCHANTING +0 pair of gloves.
  8741 | D:10     | 8741 ||| DROPPING +6 ring of strength.
  8742 | D:10     | 8742 ||| READING 3 scrolls of identify.
  8742 | D:10     | 8742 ||| IDENTIFYING scroll labelled QOMAMN VIOPYX
  8743 | D:10     | 8743 ||| READING scroll of brand weapon.
  8743 | D:10     | 8743 ||| BRANDING +0 longbow.
  8744 | D:10     | 8744 ||| READING 2 scrolls of identify.
  8744 | D:10     | 8744 ||| IDENTIFYING 2 scrolls labelled URALIMUHOE
  8754 | D:10     | 8754 ||| FLEEEEING.
  8803 | D:10     | 8803 ||| DROPPING 2 scrolls of noise.
  8828 | D:11     | Noticed a manticore
  8829 | D:11     | 8829 ||| INVOKING Finesse.
  8836 | D:11     | Killed a manticore
  8942 | D:11     | Reached skill level 14 in Ranged Weapons
  8943 | D:11     | Found a staircase to the Orcish Mines.
  9270 | D:11     | Noticed a two-headed ogre
  9271 | D:11     | 9271 ||| INVOKING Finesse.
  9272 | D:11     | 9272 ||| INVOKING Finesse.
  9273 | D:11     | 9273 ||| INVOKING Finesse.
  9280 | D:11     | Killed a two-headed ogre
  9281 | D:11     | Reached skill level 6 in Invocations
  9284 | D:11     | Noticed a boulder beetle
  9296 | D:11     | Killed a boulder beetle
  9342 | D:11     | Found a staircase to the Lair.
  9428 | D:11     | Reached ***** piety under Okawaru
  9675 | D:11     | Found a glowing silver altar of Zin.
  9703 | D:11     | 9703 ||| FLEEEEING.
  9719 | D:11     | 9719 ||| PLANNING LAIR
  9777 | Lair:1   | Entered Level 1 of the Lair of Beasts
  9802 | Lair:1   | Reached XP level 12. HP: 77/77 MP: 17/17
 10052 | Lair:1   | 10052 ||| RETREEEEATING.
 10053 | Lair:1   | 10053 ||| RETREEEEATING.
 10054 | Lair:1   | 10054 ||| RETREEEEATING.
 10081 | Lair:1   | 10081 ||| RETREEEEATING.
 10082 | Lair:1   | 10082 ||| RETREEEEATING.
 10083 | Lair:1   | 10083 ||| RETREEEEATING.
 10084 | Lair:1   | 10084 ||| RETREEEEATING.
 10085 | Lair:1   | 10085 ||| RETREEEEATING.
 10086 | Lair:1   | 10086 ||| RETREEEEATING.
 10087 | Lair:1   | 10087 ||| RETREEEEATING.
 10088 | Lair:1   | 10088 ||| RETREEEEATING.
 10089 | Lair:1   | 10089 ||| RETREEEEATING.
 10090 | Lair:1   | 10090 ||| RETREEEEATING.
 10091 | Lair:1   | 10091 ||| RETREEEEATING.
 10092 | Lair:1   | 10092 ||| RETREEEEATING.
 10093 | Lair:1   | 10093 ||| RETREEEEATING.
 10095 | Lair:1   | 10095 ||| RETREEEEATING.
 10096 | Lair:1   | 10096 ||| RETREEEEATING.
 10097 | Lair:1   | 10097 ||| RETREEEEATING.
 10098 | Lair:1   | 10098 ||| RETREEEEATING.
 10099 | Lair:1   | 10099 ||| INVOKING Finesse.
 10102 | Lair:1   | 10102 ||| RETREEEEATING.
 10103 | Lair:1   | 10103 ||| RETREEEEATING.
 10104 | Lair:1   | 10104 ||| RETREEEEATING.
 10105 | Lair:1   | 10105 ||| RETREEEEATING.
 10108 | Lair:1   | 10108 ||| RETREEEEATING.
 10109 | Lair:1   | 10109 ||| RETREEEEATING.
 10138 | Lair:1   | Reached skill level 9 in Invocations
 10140 | Lair:1   | 10140 ||| FLEEEEING.
 10393 | Lair:1   | 10393 ||| RETREEEEATING.
 10394 | Lair:1   | 10394 ||| RETREEEEATING.
 10399 | Lair:1   | 10399 ||| RETREEEEATING.
 10400 | Lair:1   | 10400 ||| RETREEEEATING.
 10422 | Lair:1   | 10422 ||| FLEEEEING.
 10863 | Lair:1   | 10863 ||| READING 4 scrolls of identify.
 10863 | Lair:1   | 10863 ||| IDENTIFYING green potion
 10864 | Lair:1   | 10864 ||| READING 3 scrolls of identify.
 10864 | Lair:1   | 10864 ||| IDENTIFYING scroll labelled NUCZOUMISE
 10865 | Lair:1   | 10865 ||| DROPPING scroll of silence.
 10908 | Lair:2   | Noticed an eight-headed hydra
 10909 | Lair:2   | 10909 ||| INVOKING Finesse.
 10914 | Lair:2   | Killed an eight-headed hydra
 10921 | Lair:2   | 10921 ||| STAIRDANCE
 10947 | Lair:2   | 10947 ||| STAIRDANCE
 10965 | Lair:2   | Reached skill level 15 in Ranged Weapons
 11037 | Lair:2   | Received a gift from Okawaru
 11065 | Lair:2   | 11065 ||| RETREEEEATING.
 11066 | Lair:2   | 11066 ||| RETREEEEATING.
 11067 | Lair:2   | 11067 ||| RETREEEEATING.
 11068 | Lair:2   | 11068 ||| RETREEEEATING.
 11069 | Lair:2   | 11069 ||| RETREEEEATING.
 11075 | Lair:2   | 11075 ||| RETREEEEATING.
 11078 | Lair:2   | 11078 ||| RETREEEEATING.
 11079 | Lair:2   | 11079 ||| RETREEEEATING.
 11080 | Lair:2   | 11080 ||| RETREEEEATING.
 11081 | Lair:2   | 11081 ||| RETREEEEATING.
 11083 | Lair:2   | Reached skill level 6 in Armour
 11206 | Lair:2   | 11206 ||| RETREEEEATING.
 11208 | Lair:2   | 11208 ||| RETREEEEATING.
 11209 | Lair:2   | 11209 ||| RETREEEEATING.
 11210 | Lair:2   | 11210 ||| RETREEEEATING.
 11211 | Lair:2   | 11211 ||| RETREEEEATING.
 11212 | Lair:2   | 11212 ||| RETREEEEATING.
 11213 | Lair:2   | 11213 ||| RETREEEEATING.
 11214 | Lair:2   | 11214 ||| RETREEEEATING.
 11215 | Lair:2   | 11215 ||| RETREEEEATING.
 11216 | Lair:2   | 11216 ||| RETREEEEATING.
 11217 | Lair:2   | 11217 ||| RETREEEEATING.
 11218 | Lair:2   | 11218 ||| RETREEEEATING.
 11222 | Lair:2   | 11222 ||| RETREEEEATING.
 11745 | Lair:2   | You fall into a shaft and drop 1 floor!
 11760 | Lair:3   | Noticed a six-headed hydra
 11761 | Lair:3   | 11761 ||| INVOKING Finesse.
 11766 | Lair:3   | Killed a six-headed hydra
 11767 | Lair:3   | Reached XP level 13. HP: 79/82 MP: 14/20
 11836 | Lair:3   | Received a gift from Okawaru
 11839 | Lair:3   | Reached skill level 16 in Ranged Weapons
 11842 | Lair:3   | 11842 ||| DROPPING +4 ring of protection.
 12022 | Lair:2   | 12022 ||| DROPPING +2 robe of cold resistance.
 12064 | Lair:3   | 12064 ||| STAIRDANCE
 12073 | Lair:3   | 12073 ||| STAIRDANCE
 12075 | Lair:2   | 12075 ||| RETREEEEATING.
 12076 | Lair:2   | 12076 ||| RETREEEEATING.
 12077 | Lair:2   | 12077 ||| RETREEEEATING.
 12078 | Lair:2   | 12078 ||| RETREEEEATING.
 12079 | Lair:2   | 12079 ||| RETREEEEATING.
 12080 | Lair:2   | 12080 ||| RETREEEEATING.
 12081 | Lair:2   | 12081 ||| RETREEEEATING.
 12082 | Lair:2   | 12082 ||| RETREEEEATING.
 12083 | Lair:2   | 12083 ||| RETREEEEATING.
 12084 | Lair:2   | 12084 ||| RETREEEEATING.
 12085 | Lair:2   | 12085 ||| RETREEEEATING.
 12086 | Lair:2   | 12086 ||| RETREEEEATING.
 12087 | Lair:2   | 12087 ||| RETREEEEATING.
 12089 | Lair:2   | 12089 ||| INVOKING Finesse.
 12155 | Lair:3   | Found a hole to the Spider Nest.
 12156 | Lair:3   | 12156 ||| RETREEEEATING.
 12158 | Lair:3   | 12158 ||| RETREEEEATING.
 12160 | Lair:3   | 12160 ||| RETREEEEATING.
 12163 | Lair:3   | 12163 ||| RETREEEEATING.
 12164 | Lair:3   | 12164 ||| RETREEEEATING.
 12165 | Lair:3   | 12165 ||| RETREEEEATING.
 12166 | Lair:3   | 12166 ||| RETREEEEATING.
 12167 | Lair:3   | 12167 ||| RETREEEEATING.
 12174 | Lair:3   | Reached skill level 6 in Dodging
 12174 | Lair:3   | 12174 ||| FLEEEEING.
 12189 | Lair:3   | 12189 ||| RETREEEEATING.
 12190 | Lair:3   | 12190 ||| RETREEEEATING.
 12192 | Lair:3   | 12192 ||| RETREEEEATING.
 12194 | Lair:3   | 12194 ||| RETREEEEATING.
 12196 | Lair:3   | 12196 ||| RETREEEEATING.
 12199 | Lair:3   | 12199 ||| RETREEEEATING.
 12202 | Lair:3   | 12202 ||| RETREEEEATING.
 12203 | Lair:3   | 12203 ||| RETREEEEATING.
 12204 | Lair:3   | 12204 ||| RETREEEEATING.
 12205 | Lair:3   | 12205 ||| RETREEEEATING.
 12218 | Lair:3   | 12218 ||| RETREEEEATING.
 12484 | Lair:3   | Noticed an eleionoma
 12485 | Lair:3   | 12485 ||| INVOKING Finesse.
 12493 | Lair:3   | Killed an eleionoma
 12527 | Lair:3   | Found a staircase to the Swamp.
 12542 | Lair:3   | 12542 ||| RETREEEEATING.
 12544 | Lair:3   | 12544 ||| RETREEEEATING.
 12545 | Lair:3   | 12545 ||| RETREEEEATING.
 12546 | Lair:3   | 12546 ||| RETREEEEATING.
 12547 | Lair:3   | 12547 ||| RETREEEEATING.
 12548 | Lair:3   | 12548 ||| STAIRDANCE
 12556 | Lair:3   | 12556 ||| STAIRDANCE
 12566 | Lair:3   | 12566 ||| STAIRDANCE
 12571 | Lair:3   | 12571 ||| RETREEEEATING.
 12572 | Lair:3   | 12572 ||| RETREEEEATING.
 12573 | Lair:3   | 12573 ||| RETREEEEATING.
 12574 | Lair:3   | 12574 ||| RETREEEEATING.
 12575 | Lair:3   | 12575 ||| RETREEEEATING.
 12576 | Lair:3   | 12576 ||| RETREEEEATING.
 12577 | Lair:3   | 12577 ||| RETREEEEATING.
 12583 | Lair:3   | 12583 ||| RETREEEEATING.
 12596 | Lair:3   | Received a gift from Okawaru
 12637 | Lair:3   | 12637 ||| RETREEEEATING.
 12638 | Lair:3   | 12638 ||| RETREEEEATING.
 12639 | Lair:3   | 12639 ||| RETREEEEATING.
 12640 | Lair:3   | 12640 ||| RETREEEEATING.
 12643 | Lair:3   | 12643 ||| RETREEEEATING.
 12811 | Lair:4   | 12811 ||| RETREEEEATING.
 12812 | Lair:4   | 12812 ||| RETREEEEATING.
 12813 | Lair:4   | 12813 ||| RETREEEEATING.
 12818 | Lair:4   | 12818 ||| INVOKING Finesse.
 12849 | Lair:4   | Reached skill level 17 in Ranged Weapons
 12885 | Lair:4   | 12885 ||| FLEEEEING.
 12886 | Lair:4   | 12886 ||| FLEEEEING.
 12889 | Lair:4   | 12889 ||| FLEEEEING.
 12890 | Lair:4   | 12890 ||| FLEEEEING.
 12891 | Lair:4   | 12891 ||| FLEEEEING.
 12892 | Lair:4   | 12892 ||| FLEEEEING.
 12969 | Lair:4   | 12969 ||| RETREEEEATING.
 12973 | Lair:4   | 12973 ||| RETREEEEATING.
 12974 | Lair:4   | 12974 ||| RETREEEEATING.
 12983 | Lair:4   | 12983 ||| INVOKING Finesse.
 13029 | Lair:4   | Received a gift from Okawaru
 13057 | Lair:4   | 13057 ||| RETREEEEATING.
 13058 | Lair:4   | 13058 ||| RETREEEEATING.
 13059 | Lair:4   | 13059 ||| RETREEEEATING.
 13060 | Lair:4   | 13060 ||| RETREEEEATING.
 13061 | Lair:4   | 13061 ||| RETREEEEATING.
 13062 | Lair:4   | 13062 ||| RETREEEEATING.
 13063 | Lair:4   | 13063 ||| RETREEEEATING.
 13103 | Lair:4   | Reached ****** piety under Okawaru
 13104 | Lair:4   | 13104 ||| INVOKING Receive Weapon.
 13104 | Lair:4   | 13104 ||| ACQUIRING +3 heavy triple crossbow
 13104 | Lair:4   | Acquired a +3 heavy triple crossbow
 13104 | Lair:4   | Received a gift from Okawaru
 13105 | Lair:4   | 13105 ||| INVOKING Receive Armour.
 13105 | Lair:4   | 13105 ||| ACQUIRING +2 hat of see invisible
 13105 | Lair:4   | Acquired a +2 hat of see invisible
 13105 | Lair:4   | Received a gift from Okawaru
 13107 | Lair:4   | 13107 ||| SWAPPING to +3 heavy triple crossbow.
 13108 | Lair:4   | 13108 ||| DROPPING +0 longbow of draining.
 13139 | Lair:4   | 13139 ||| RETREEEEATING.
 13141 | Lair:4   | 13141 ||| INVOKING Finesse.
 13144 | Lair:4   | Gained mutation: Your large and strong wings let you fly.
                  | [Gargoyle growth]
 13144 | Lair:4   | Reached XP level 14. HP: 90/90 MP: 15/21
 13241 | Lair:4   | Reached skill level 18 in Ranged Weapons
 13430 | Lair:4   | Found a staircase to the Slime Pits.
 13491 | Lair:4   | Found a viscous altar of Jiyva.
 13731 | Lair:4   | 13731 ||| UPGRADING to +2 hat of see invisible.
 13741 | Lair:4   | 13741 ||| DROPPING +0 helmet.
 13759 | Lair:5   | Entered Level 5 of the Lair of Beasts
 13760 | Lair:5   | 13760 ||| STAIRDANCE
 13764 | Lair:5   | 13764 ||| STAIRDANCE
 13770 | Lair:5   | 13770 ||| STAIRDANCE
 13775 | Lair:5   | 13775 ||| STAIRDANCE
 13785 | Lair:5   | 13785 ||| STAIRDANCE
 13799 | Lair:5   | 13799 ||| STAIRDANCE
 13818 | Lair:5   | 13818 ||| STAIRDANCE
 13829 | Lair:5   | Reached skill level 12 in Fighting
 13841 | Lair:5   | 13841 ||| RETREEEEATING.
 13842 | Lair:5   | 13842 ||| RETREEEEATING.
 13843 | Lair:5   | 13843 ||| RETREEEEATING.
 13844 | Lair:5   | 13844 ||| RETREEEEATING.
 13845 | Lair:5   | 13845 ||| RETREEEEATING.
 13846 | Lair:5   | 13846 ||| RETREEEEATING.
 13847 | Lair:5   | 13847 ||| RETREEEEATING.
 13848 | Lair:5   | 13848 ||| RETREEEEATING.
 13849 | Lair:5   | 13849 ||| RETREEEEATING.
 13850 | Lair:5   | 13850 ||| RETREEEEATING.
 13851 | Lair:5   | 13851 ||| RETREEEEATING.
 13852 | Lair:5   | 13852 ||| RETREEEEATING.
 13853 | Lair:5   | 13853 ||| RETREEEEATING.
 13854 | Lair:5   | 13854 ||| RETREEEEATING.
 13855 | Lair:5   | 13855 ||| RETREEEEATING.
 13856 | Lair:5   | 13856 ||| RETREEEEATING.
 13857 | Lair:5   | 13857 ||| RETREEEEATING.
 13858 | Lair:5   | 13858 ||| RETREEEEATING.
 13859 | Lair:5   | 13859 ||| RETREEEEATING.
 13860 | Lair:5   | 13860 ||| RETREEEEATING.
 13861 | Lair:5   | 13861 ||| RETREEEEATING.
 13862 | Lair:5   | 13862 ||| RETREEEEATING.
 13863 | Lair:5   | 13863 ||| RETREEEEATING.
 13864 | Lair:5   | 13864 ||| RETREEEEATING.
 13865 | Lair:5   | 13865 ||| RETREEEEATING.
 13866 | Lair:5   | 13866 ||| INVOKING Finesse.
 13867 | Lair:5   | 13867 ||| INVOKING Heroism.
 13871 | Lair:5   | 13871 ||| RETREEEEATING.
 13881 | Lair:5   | Received a gift from Okawaru
 13884 | Lair:5   | 13884 ||| RETREEEEATING.
 13889 | Lair:5   | 13889 ||| RETREEEEATING.
 14169 | Lair:5   | 14169 ||| INVOKING Finesse.
 14217 | Lair:5   | 14217 ||| RETREEEEATING.
 14218 | Lair:5   | 14218 ||| RETREEEEATING.
 14221 | Lair:5   | 14221 ||| RETREEEEATING.
 14302 | Lair:5   | Received a gift from Okawaru
 14503 | Lair:5   | 14503 ||| RETREEEEATING.
 14506 | Lair:5   | 14506 ||| RETREEEEATING.
 14508 | Lair:5   | Reached skill level 19 in Ranged Weapons
 14514 | Lair:5   | 14514 ||| RETREEEEATING.
 14516 | Lair:5   | 14516 ||| RETREEEEATING.
 14519 | Lair:5   | 14519 ||| RETREEEEATING.
 14520 | Lair:5   | 14520 ||| RETREEEEATING.
 14563 | Lair:5   | 14563 ||| RETREEEEATING.
 14564 | Lair:5   | 14564 ||| RETREEEEATING.
 14565 | Lair:5   | 14565 ||| RETREEEEATING.
 14566 | Lair:5   | 14566 ||| RETREEEEATING.
 14650 | Lair:5   | 14650 ||| READING scroll of enchant armour.
 14650 | Lair:5   | 14650 ||| ENCHANTING +1 pair of gloves.
 14661 | Lair:5   | Received a gift from Okawaru
 14664 | Lair:5   | 14664 ||| FLEEEEING.
 14680 | Lair:5   | 14680 ||| RETREEEEATING.
 14681 | Lair:5   | 14681 ||| RETREEEEATING.
 14684 | Lair:5   | 14684 ||| INVOKING Finesse.
 14695 | Lair:5   | Reached XP level 15. HP: 78/98 MP: 18/22
 14761 | Lair:5   | Found a corrupted altar of Lugonu.
 14761 | Lair:5   | Found a one-way gate to the infinite horrors of the Abyss.
 14823 | Lair:5   | 14823 ||| PLANNING D
 14823 | Lair:5   | 14823 ||| READING 4 scrolls of identify.
 14823 | Lair:5   | 14823 ||| IDENTIFYING orange potion
 14824 | Lair:5   | 14824 ||| READING 3 scrolls of identify.
 14824 | Lair:5   | 14824 ||| IDENTIFYING scroll labelled HETZOUBLEFRE
 14825 | Lair:5   | 14825 ||| DROPPING scroll of vulnerability.
 15008 | D:12     | Found Zaukhoor's Assorted Antiques.
 15033 | D:12     | Noticed Cooqonn's ghost (journeyman DsAl)
 15042 | D:12     | Found a runed translucent gate.
 15056 | D:12     | 15056 ||| FLEEEEING.
 15139 | D:12     | Received a gift from Okawaru
 15209 | D:12     | Noticed Jorgrun
 15210 | D:12     | 15210 ||| INVOKING Finesse.
 15215 | D:12     | Killed Jorgrun
 15346 | D:12     | Identified a scroll of acquirement
 15358 | D:12     | 15358 ||| READING scroll of acquirement.
 15358 | D:12     | 15358 ||| ACQUIRING 545 gold pieces
 15358 | D:12     | Acquired 545 gold pieces
 15471 | D:12     | Noticed Snorg
 15473 | D:12     | Killed Snorg
 15567 | D:12     | Found a runed translucent gate.
 15569 | D:12     | Found a runed translucent gate.
 15650 | D:13     | 15650 ||| DRINKING 9 potions of curing.
 15650 | D:13     | 15650 ||| (to cure confusion)
 15878 | D:13     | Found a gate to the Vaults.
 15880 | D:13     | 15880 ||| FLEEEEING.
 15882 | D:13     | 15882 ||| FLEEEEING.
 15885 | D:13     | 15885 ||| FLEEEEING.
 15886 | D:13     | 15886 ||| FLEEEEING.
 15890 | D:13     | 15890 ||| FLEEEEING.
 15891 | D:13     | 15891 ||| STAIRDANCE
 15903 | D:13     | 15903 ||| STAIRDANCE
 15913 | D:13     | Reached skill level 20 in Ranged Weapons
 15967 | D:13     | Received a gift from Okawaru
 16072 | D:12     | 16072 ||| BUYING brass wand (144 gold).
 16072 | D:12     | Bought a brass wand for 144 gold pieces
 16072 | D:12     | 16072 ||| BUYING scroll of brand weapon (342 gold).
 16072 | D:12     | Bought a scroll of brand weapon for 342 gold pieces
 16072 | D:12     | 16072 ||| BUYING scroll of identify (72 gold).
 16072 | D:12     | Bought a scroll of identify for 72 gold pieces
 16072 | D:12     | 16072 ||| BUYING scroll of teleportation (108 gold).
 16072 | D:12     | Bought a scroll of teleportation for 108 gold pieces
 16638 | D:14     | Noticed Josephine
 16639 | D:14     | 16639 ||| RETREEEEATING.
 16644 | D:14     | 16644 ||| RETREEEEATING.
 16645 | D:14     | 16645 ||| RETREEEEATING.
 16646 | D:14     | 16646 ||| ZAPPING wand of quicksilver (6) at -2,-1
                  | (Josephine; floor).
 16647 | D:14     | 16647 ||| INVOKING Finesse.
 16648 | D:14     | Killed Josephine
 16651 | D:14     | Noticed Agnes
 16658 | D:14     | HP: 8/100 [Agnes/+4 spectral lajatang (24)]
 16659 | D:14     | 16659 ||| READING 9 scrolls of teleportation.
 16659 | D:14     | HP: 3/100 [Agnes/+4 spectral lajatang (8)]
 16659 | D:14     | Demolished by Agnes

Levels and vault maps discovered:
D:1:      evilmike_arrival_plus, layout_basic
D:2:      layout_basic, feat_on_display
D:3:      layout_loops_corners, corexii_item_surrounded_by_moat
D:4:      layout_basic, hellmonk_sif_muna_bookshelves, serial_shops, shop, shop,
          nicolae_shop_window_shopping, nicolae_diamond_shop, uniq_robin,
          uniq_crazy_yiuf_cottage
D:5:      layout_loops_corners, grunt_ministairs_1, columned_hall_lemuel,
          uniq_grinder
D:6:      layout_basic, vehumet_statue, mainiacjoe_overflow_alcove_4
D:7:      layout_loops_ring, nicolae_overflow_crystal_walls, lemuel_tele_altar,
          minmay_temple_entry_mist
D:8:      layout_loops_ring, nicolae_gozag_cash_rules_everything_around_me,
          nicolae_uskayaw_murder_on_the_dancefloor
D:9:      minmay_skewed_foursquare, layout_gridville, enter_bailey_5, hex_large
D:10:     layout_loops_ring, elyvilon_altar_1, amcnicky_altar_gilded,
          small_statue_alley_a, minmay_fountain_box, st_stairs_3,
          reono_crystal_passage, hangedman_glass_teeth, minmay_librarian
D:11:     layout_loops_cross, david_lair_shrubbed, david_orc_2,
          nicolae_hexahallways, zin_treasury
D:12:     minmay_polygon_palace, layout_cave_pools, serial_shops,
          nicolae_take_the_stairs, gammafunk_ghost_split, grunt_ministairs_14,
          serial_bayou_pond_a, uniq_jorgrun, uniq_snorg
D:13:     layout_stronghold, david_vaults_2
D:14:     layout_irregular_city, kennysheep_path_1, uniq_josephine, uniq_agnes
Temple:   nicolae_temple_bog_church
Lair:1:   layout_long_grid, chequers_serial_rivers_room_a, st_stairs_8,
          nicolae_quartered_pool_impasse, evilmike_ambush
          [evilmike_ambush_outer_doors, evilmike_ambush_inner_basic]
Lair:2:   layout_layer_cave, dreamdust_mushroom_princess
Lair:3:   layout_hall_layers, alex1729_swamp_entry_worm_eleionoma,
          spider_nest_entry_webs
Lair:4:   layout_roguey [special_room_bee], nicolae_slime_entry_field_trip,
          serial_bayou_shore_a, grunt_megastairs_1, lemuel_fruit_fields
Lair:5:   hellmonk_lair_end_abyssal_woods, layout_gridlike,
          minmay_lair_oklob_bushes, chequers_serial_rivers_small_a

Skill      XL: |  1  2  3  4  5  6  7  8  9 10 11 12 13 14 15 |
---------------+----------------------------------------------+-----
Ranged Weapons | 5 6 7 9 11 13 14 15 17 19 20 | 20.0
Fighting       | 3 4 6 7 8 9 10 11 13 14 | 14.0
Armour         | 1 4 5 6 7 |  7.1
Dodging        | 2 3 4 5 6 7 8 |  8.0
Invocations    | 3 4 7 10 | 10.0
Stealth        | |  1.1

Action                     |  1- 3 |  4- 6 |  7- 9 | 10-12 | 13-15 || total
---------------------------+-------+-------+-------+-------+-------++-------
   Fire: Shortbow          |   145 |   120 |   527 |   128 |       ||   920
         Longbow           |       |       |       |   603 |   342 ||   945
         Triple crossbow   |       |       |       |       |   379 ||   379
 Invoke: Heroism           |       |       |       |     4 |     1 ||     5
         Finesse           |       |       |       |     7 |    10 ||    17
         Receive Weapon    |       |       |       |       |     1 ||     1
         Receive Armour    |       |       |       |       |     1 ||     1
  Evoke: Wand              |       |     6 |     6 |       |     1 ||    13
    Use: Scroll            |     6 |     3 |     6 |     8 |     5 ||    28
         Potion            |       |     2 |     5 |       |     1 ||     8
 Armour: Leather armour    |    51 |    41 |       |       |       ||    92
         Ring mail         |       |       |   275 |   218 |   321 ||   814
  Dodge: Dodged            |    49 |    39 |   364 |   391 |   573 ||  1416
         Repelled          |       |       |       |     3 |     4 ||     7

Table legend:
 A = Non-vault XP
 B = Vault XP
 C = Vault XP percentage of total XP
 D = Non-vault monster count
 E = Vault monster count
 F = Vault count percentage of total count
                 A         B        C        D         E       F
            +---------+---------+-------+---------+---------+-------
      Total |   79839 |   36671 |  31.5 |     426 |     151 |  26.2
            +---------+---------+-------+---------+---------+-------
        D:1 |      44 |       0 |   0.0 |      24 |       0 |   0.0
        D:2 |      26 |       0 |   0.0 |      15 |       0 |   0.0
        D:3 |      34 |       0 |   0.0 |      10 |       0 |   0.0
        D:4 |     295 |      38 |  11.4 |      16 |      13 |  44.8
        D:5 |     935 |     355 |  27.5 |      18 |       6 |  25.0
        D:6 |     946 |      32 |   3.3 |      18 |       1 |   5.3
        D:7 |    1187 |       0 |   0.0 |      22 |       0 |   0.0
        D:8 |    1121 |       0 |   0.0 |      17 |       0 |   0.0
        D:9 |    3832 |     172 |   4.3 |      37 |       7 |  15.9
       D:10 |    3672 |    1276 |  25.8 |      23 |       4 |  14.8
       D:11 |    3268 |     695 |  17.5 |      20 |       9 |  31.0
       D:12 |    4389 |   10005 |  69.5 |      11 |      18 |  62.1
       D:13 |    7324 |    1636 |  18.3 |      17 |       3 |  15.0
       D:14 |    1372 |    1754 |  56.1 |       2 |       5 |  71.4
     Lair:1 |    7943 |     879 |  10.0 |      30 |       3 |   9.1
     Lair:2 |    7618 |     174 |   2.2 |      32 |       1 |   3.0
     Lair:3 |    9378 |    1405 |  13.0 |      30 |       3 |   9.1
     Lair:4 |   10707 |    4868 |  31.3 |      34 |      35 |  50.7
     Lair:5 |   15748 |   13382 |  45.9 |      50 |      43 |  46.2
            +---------+---------+-------+---------+---------+-------
